 Dungeon Crawl Stone Soup version 0.28.0-53-g5a82cb258f (webtiles) character file.

Game seed: 11773812118289730002

86 jiml777 the Gusty (level 4, 0/32 HPs)
             Began as a Gnoll Air Elementalist on Aug 1, 2022.
             Killed by nerve-wracking pain
             ... invoked by Grinder
              (13 damage)
             ... on level 3 of the Dungeon.
             The game lasted 00:08:58 (2495 turns).

jiml777 the Gusty (Gnoll Air Elementalist)          Turns: 2495, Time: 00:08:58

Health: 0/32       AC:  2    Str:  7    XL:     4   Next: 49%
Magic:  10/11      EV: 13    Int: 16    God:
Gold:   138        SH:  0    Dex: 13    Spells: 3/13 levels left

rFire   . . .      SeeInvis .   c - +0 dagger
rCold   . . .      Faith    .   (no shield)
rNeg    . . .      Spirit   .   a - +0 robe
rPois   .          Reflect  .   (no helmet)
rElec   .          Harm     .   (no cloak)
rCorr   .          Rampage  .   (no gloves)
Will    .....                   (no boots)
Stlth   +++.......              (no amulet)
HPRegen 0.10/turn               (no ring)
MPRegen 0.12/turn               (no ring)

@: no status effects
A: fangs 1, strong nose, distributed training
a: no special abilities


You were on level 3 of the Dungeon.
You visited 1 branch of the dungeon, and saw 3 of its levels.

You collected 138 gold pieces.

Inventory:

Hand Weapons
 c - a +0 dagger (weapon)
Missiles
 d - 48 stones
 f - 53 arrows
Armour
 a - a +0 robe (worn)
Magical Staves
 e - a staff of fire
Scrolls
 b - 2 scrolls of identify {unknown}
 g - a scroll of noise {unknown}


   Skills:
 + Level 1.1 Fighting
 + Level 1.1 Short Blades
 + Level 1.1 Long Blades
 + Level 1.1 Axes
 + Level 1.1 Maces & Flails
 + Level 1.1 Polearms
 + Level 1.1 Staves
 + Level 1.1 Slings
 + Level 1.1 Bows
 + Level 1.1 Crossbows
 + Level 1.1 Throwing
 + Level 1.1 Armour
 + Level 4.6 Dodging
 + Level 4.2 Stealth
 + Level 1.1 Shields
 + Level 1.1 Unarmed Combat
 + Level 5.1 Spellcasting
 + Level 2.2 Conjurations
 + Level 0.9 Hexes
 + Level 0.9 Summonings
 + Level 0.9 Necromancy
 + Level 0.9 Translocations
 + Level 0.9 Transmutations
 + Level 0.9 Fire Magic
 + Level 0.9 Ice Magic
 + Level 5.4 Air Magic
 + Level 0.9 Earth Magic
 + Level 0.9 Poison Magic
 + Level 1.2 Invocations
 + Level 1.1 Evocations


You had 3 spell levels left.
You knew the following spells:

 Your Spells              Type           Power      Damage    Failure   Level
a - Shock                 Conj/Air       64%        1d7       3%          1
b - Static Discharge      Conj/Air       16%        N/A       4%          2
c - Swiftness             Air            21%        N/A       4%          3
d - Airstrike             Air            10%        N/A       16%         4

Your spell library contained the following spells:

 Spells                   Type           Power      Damage    Failure   Level
 Summon Guardian Golem    Hex/Summ       7%         N/A       30%         3
 Orb of Destruction       Conj           5%         9d5       100%        7
 Spellforged Servitor     Conj/Summ      4%         N/A       100%        7


Dungeon Overview and Level Annotations

Branches:
Dungeon (3/15)

Altars:

Annotations:
D:3 Grinder


Innate Abilities, Weirdness & Mutations

You have very sharp teeth.
Your uncanny sense of smell can sniff out nearby items.
Your experience applies equally to all skills.


Message History

Aiming: Shock (safe; 3% risk of failure)
Press: ? - help, Shift-Dir - straight line, f - Grinder
Aim: Grinder (68% to hit)
The zap misses Grinder.
Grinder gestures at you. Pain shoots through your body!
Casting: Shock (safe; 3% risk of failure)
Confirm with . or Enter, or press ? or * to list all spells.
Aiming: Shock (safe; 3% risk of failure)
Press: ? - help, Shift-Dir - straight line, f/p - Grinder
Aim: Grinder (68% to hit)
The zap hits Grinder.
Grinder is lightly wounded.
The zap hits Grinder.
Grinder is moderately wounded.
Grinder gestures at you. Pain shoots through your body!
Casting: Shock (safe; 3% risk of failure)
Confirm with . or Enter, or press ? or * to list all spells.
Aiming: Shock (safe; 3% risk of failure)
Press: ? - help, Shift-Dir - straight line, f/p - Grinder
Aim: Grinder (moderately wounded, 68% to hit)
The zap hits Grinder.
Grinder is moderately wounded.
The zap hits Grinder.
Grinder is heavily wounded.
Grinder blinks!
Grinder gestures at you.
You suddenly lose the ability to move!
Grinder blinks!
Grinder says, "Don't move a muscle."
Grinder blinks!
Grinder gestures at you. You resist with significant effort.
Grinder gestures at you.
You shrug off the repeated paralysis!
You can move again.
Grinder gestures at you. Pain shoots through your body!
You die...

#.. #.# #.#
#.# ## #..
..# #.# #.#
#.# #.#
#@######.#
#.....5..#
#######..#
#..#
#..#########
#..........ยง
##.#########
#.# #... #.#
#.##


You could see Grinder.

Vanquished Creatures
  Terence (D:3)
  3 adders (D:2)
  A dart slug (D:1)
  3 ball pythons
  3 endoplasms (D:1)
  2 giant cockroaches (D:1)
  4 goblins
  2 hobgoblins (D:1)
  A quokka (D:1)
  4 bats
  2 frilled lizards
  3 kobolds
  2 rats (D:1)
31 creatures vanquished.

Notes
Turn   | Place    | Note
-------+----------+-------------------------------------------
     0 | D:1      | jiml777 the Gnoll Air Elementalist began the quest for the
                  | Orb.
     0 | D:1      | Reached XP level 1. HP: 13/13 MP: 6/6
   266 | D:1      | Reached XP level 2. HP: 19/19 MP: 7/7
   887 | D:1      | Reached XP level 3. HP: 13/25 MP: 3/9
  1065 | D:1      | Reached skill level 5 in Spellcasting
  1560 | D:2      | Reached skill level 1 in Invocations
  1840 | D:2      | Found a faded altar of an unknown god.
  1929 | D:2      | Reached skill level 1 in Fighting
  1929 | D:2      | Reached skill level 1 in Short Blades
  1929 | D:2      | Reached skill level 1 in Long Blades
  1929 | D:2      | Reached skill level 1 in Axes
  1929 | D:2      | Reached skill level 1 in Maces & Flails
  1929 | D:2      | Reached skill level 1 in Polearms
  1929 | D:2      | Reached skill level 1 in Staves
  1929 | D:2      | Reached skill level 1 in Slings
  1929 | D:2      | Reached skill level 1 in Bows
  1929 | D:2      | Reached skill level 1 in Crossbows
  1929 | D:2      | Reached skill level 1 in Throwing
  1929 | D:2      | Reached skill level 1 in Armour
  1929 | D:2      | Reached skill level 1 in Shields
  1929 | D:2      | Reached skill level 1 in Unarmed Combat
  1929 | D:2      | Reached skill level 1 in Evocations
  1929 | D:2      | Reached XP level 4. HP: 32/32 MP: 11/11
  1932 | D:2      | Learned a level 2 spell: Static Discharge
  1936 | D:2      | Learned a level 3 spell: Swiftness
  1941 | D:2      | Learned a level 4 spell: Airstrike
  2287 | D:3      | Noticed Terence
  2314 | D:3      | Killed Terence
  2450 | D:3      | Noticed Grinder
  2453 | D:3      | Paralysed by Grinder for 5 turns
  2487 | D:3      | Paralysed by Grinder for 7 turns
  2495 | D:3      | Killed from afar by Grinder

Illustrated notes

Levels and vault maps discovered:
D:1:      psy_arrival_spokes, layout_basic
D:2:      layout_basic, ebering_ecumenical_altar_rust
D:3:      layout_loops_ring, hangedman_decor_growths, st_stairs_13, uniq_ijyb,
          uniq_grinder, uniq_terence

Skill      XL: |  1  2  3 |
---------------+----------+-----
Conjurations   | 2 |  2.2
Spellcasting   | 5 |  5.1
Invocations    | 1 |  1.2
Fighting       | 1 |  1.1
Short Blades   | 1 |  1.1
Long Blades    | 1 |  1.1
Axes           | 1 |  1.1
Maces & Flails | 1 |  1.1
Polearms       | 1 |  1.1
Staves         | 1 |  1.1
Slings         | 1 |  1.1
Bows           | 1 |  1.1
Crossbows      | 1 |  1.1
Throwing       | 1 |  1.1
Armour         | 1 |  1.1
Shields        | 1 |  1.1
Unarmed Combat | 1 |  1.1
Evocations     | 1 |  1.1
Dodging        | |  4.6
Stealth        | |  4.2
Hexes          | |  0.9
Summonings     | |  0.9
Necromancy     | |  0.9
Translocations | |  0.9
Transmutations | |  0.9
Fire Magic     | |  0.9
Ice Magic      | |  0.9
Air Magic      | |  5.4
Earth Magic    | |  0.9
Poison Magic   | |  0.9

Action                   |  1- 3 |  4- 6 || total
-------------------------+-------+-------++-------
Melee: Dagger            |    51 |     5 ||    56
       Bite              |     3 |     1 ||     4
 Cast: Shock             |    28 |     6 ||    34
 Stab: Sleeping          |     9 |     3 ||    12
Armor: Robe              |     7 |     2 ||     9
Dodge: Dodged            |    41 |     3 ||    44
